[Event "*** Titled Tuesday Blitz"]
[Site "Chess.com"]
[Date "2020.12.29"]
[Round "4"]
[White "vladimirdamjanovic"]
[Black "Sharpchess22"]
[Result "1-0"]
[WhiteElo "2393"]
[BlackElo "2801"]
[TimeControl "180+1"]
[EndTime "10:39:34 PST"]
[Termination "vladimirdamjanovic won by checkmate"]

1. d4 Nf6 2. Nc3 d5 3. Bf4 a6 4. e3 c5 5. dxc5 e6 6. Na4 Bxc5 7. Nxc5 Qa5+ 8. c3 Qxc5 9. Nf3 Nc6 10. h3 O-O 11.
Bd3 Qe7 12. Ne5 Nd7 13. Nxd7 Bxd7 14. O-O e5 15. Bg3 Be6 16. f4 e4 17. Bc2 f5 18. Bb3 Kh8 19. Qe1 b5 20. Rd1 Qf7 21. Qd2 Rfd8 22. Bh4 Rd7 23. Qe2 Rb8 24. Rd2 a5 25. a3 a4 26. Ba2 Na5 27. Rd4 Nc4 28. Re1 h6 29. Qc2 Kh7 30. Re2 Ra8 31. Kh2 Qh5 32.
Bg3 g5 33. fxg5 hxg5 34. Bxc4 bxc4 35. Rf2 Rb7 36. Kg1 Qg6 37. Be5 Ra6 38. Kh2 Rb3 39.
Kg1 Rab6 40. Qc1 Qh5 41. Rdd2 Kg6 42. Qf1 Kf7 43. g4 Qh6 44. gxf5 Bc8 45. Rxd5 Rxb2 46. Qxc4 Rb1+ 47. Kg2 Ba6 48. Rd7+ Ke8 49. Qf7# 1-0

[Event "*** Titled Tuesday Blitz"]
[Site "Chess.com"]
[Date "2020.12.29"]
[Round "4"]
[White "geordie_derraugh"]
[Black "DenLaz"]
[Result "0-1"]
[WhiteElo "2530"]
[BlackElo "2819"]
[TimeControl "180+1"]
[EndTime "10:39:34 PST"]
[Termination "DenLaz won by resignation"]

1. e4 e5 2. Nf3 Nc6 3. Bc4 Bc5 4. c3 Nf6 5. d3 h6 6. a4 a6 7. O-O d6 8. b4 Ba7 9. Nbd2 O-O 10. h3 Be6 11.
Bxe6 fxe6 12. Qb3 Qd7 13. b5 Ne7 14. Bb2 Ng6 15. d4 exd4 16. cxd4 Nh5 17. Rac1 Nhf4 18. Rfe1 Rf7 19. bxa6 bxa6 20. Qb7 Rb8 21. Qxa7 Rxb2 22. Rb1 Rxb1 23. Rxb1 Qxa4 24. Qb8+ Kh7 25. Qb3 Qa5 26. Nc4 Qh5 27. Ncd2 d5 28. exd5 exd5 29. Ra1 Rf6 30. Qc2 Ne6 31. Qd3 c5 32. Rxa6 c4 33. Qe3 Ngf4 34.
Nf1 Qg6 35. Ng3 Nxd4 36. Rxf6 Nxf3+ 37. Qxf3 Qxf6 38. Ne2 Nxe2+ 39. Qxe2 Qf5 40. Qd2 Qd3 41. Qxd3+ cxd3 42. Kf1 Kg6 43. Ke1 Kf5 44. Kd2 Ke4 45. f3+ Kd4 46. g4 g5 47. h4 gxh4 48. f4 h3 49. g5 hxg5 50. fxg5 h2 51. g6 h1=Q 52.
g7 Qg2+ 0-1

[Event "*** Titled Tuesday Blitz"]
[Site "Chess.com"]
[Date "2020.12.29"]
[Round "4"]
[White "esapunov"]
[Black "Piotrek1979"]
[Result "0-1"]
[WhiteElo "2703"]
[BlackElo "2409"]
[TimeControl "180+1"]
[EndTime "10:39:35 PST"]
[Termination "Piotrek1979 won by resignation"]

1. c4 g6 2. g3 Bg7 3. Bg2 d6 4. d4 Nf6 5. Nc3 O-O 6. Nf3 Nc6 7. O-O Bg4 8. h3 Bd7 9. Re1 a6 10. e4 e5 11. d5 Nd4 12. Nxd4 exd4 13. Qxd4 Nxe4 14. Qxg7+ Kxg7 15. Nxe4 Bf5 16. Bd2 Bxe4 17. Bc3+ Kg8 18. Bxe4 Qd7 19. Kg2 Rae8 20. Bf6 b5 21.
Rac1 bxc4 22. Rxc4 Rxe4 23. Rcxe4 Qf5 24. Rf4 Qxd5+ 25. Kg1 Qxa2 26. g4 h6 27. Re7 g5 28.
Rf5 Qb1+ 29. Kg2 Qc2 30. h4 Qc4 31. Kg3 gxh4+ 32. Kxh4 Kh7 33. Bc3 Qf1 34. Kg3 Qg1+ 35. Kf3 Qh1+ 36. Kg3 c5 37. Rf6 d5 38. Bd2 Qg1+ 39.
Kh3 Qf1+ 40. Kg3 Qd3+ 41. Be3 d4 42. Rxh6+ Kg7 43. Rd6 Qb3 44. Re5 f6 45. Rxc5 dxe3 46. Rc3 Qb8 47. Rd3 Rd8 0-1

[Event "*** Titled Tuesday Blitz"]
[Site "Chess.com"]
[Date "2020.12.29"]
[Round "4"]
[White "Vamostodorecto"]
[Black "FlamingPhoenix123"]
[Result "0-1"]
[WhiteElo "2421"]
[BlackElo "2584"]
[TimeControl "180+1"]
[EndTime "10:39:35 PST"]
[Termination "FlamingPhoenix123 won by resignation"]

1. d4 Nf6 2. c4 e6 3. Nc3 d5 4.
cxd5 exd5 5. Bg5 Be7 6. e3 c6 7. Qc2 Nbd7 8. Bd3 Nf8 9. Nge2 Ne6 10. Bh4 g6 11. O-O O-O 12. Rae1 Ng7 13. f3 Bd7 14. Bf2 Re8 15. Kh1 Bf8 16. e4 Ne6 17. e5 Nh5 18. Be3 Be7 19. f4 Neg7 20. f5 Nxf5 21. Bxf5 Bxf5 22.
Rxf5 gxf5 23. Qxf5 Ng7 24. Qf3 Rf8 25. Bh6 Kh8 26. Rf1 Bg5 27. Qh3 f6 28. e6 Bxh6 29.
Qxh6 Nxe6 30. Ng3 Qe7 31. Nf5 Qf7 32. Qh4 Qg6 33. Ne2 Rae8 34. Neg3 Qg5 35. Qh3 Nf4 36. Qh6 Qxh6 37. Nxh6 Ne2 38. Ngf5 Re4 39. Rd1 Nf4 40. h3 Ng6 41. Rd2 Ne7 42. b4 Nxf5 43. Nxf5 b6 44. Rc2 Rf4 45. Ne7 Rxd4 46. Nxc6 Rc4 47. Rxc4 dxc4 48. Kg1 c3 49. Nd4 Rd8 50. Nb3 c2 51.
Kf2 Rd1 0-1

[Event "*** Titled Tuesday Blitz"]
[Site "Chess.com"]
[Date "2020.12.29"]
[Round "4"]
[White "RobertoJBM"]
[Black "MFBerna"]
[Result "1-0"]
[WhiteElo "2707"]
[BlackElo "2461"]
[TimeControl "180+1"]
[EndTime "10:39:36 PST"]
[Termination "RobertoJBM won on time"]

1. d4 d5 2. c4 e6 3. Nc3 Be7 4. cxd5 exd5 5. Bf4 c6 6. e3 Bf5 7. g4 Be6 8. h4 Nf6 9. g5 Ne4 10. Nge2 Bf5 11. f3 Nxc3 12. Nxc3 Bd6 13. Bxd6 Qxd6 14. Qd2 Nd7 15. Qh2 Qxh2 16. Rxh2 h6 17. e4 dxe4 18.
fxe4 Bg4 19. gxh6 Rxh6 20. Bc4 Nb6 21. Bb3 O-O-O 22. d5 cxd5 23. exd5 g5 24. Rc1 Kb8 25.
Kf2 Rdh8 26. Rg1 Rxh4 27. Rxh4 Rxh4 28. Ne4 Bf5 29. Nxg5 Rh2+ 30. Ke3 Rxb2 31. Nxf7 a5 32. Nd6 Bc2 33. Rg7 Bxb3 34. Rxb7+ Ka8 35. Rxb6 a4 36.
axb3 axb3 37. Nc4 Rc2 38. Kd3 Rc1 39. Rxb3 Ka7 40. Nd2 Rh1 41. d6 Rh3+ 42. Kd4 Rh4+ 43.
Ne4 Rh7 44. Kd5 Rh1 45. d7 Rd1+ 46. Kc6 Rc1+ 47. Nc5 Rd1 48. Rd3 1-0

[Event "*** Titled Tuesday Blitz"]
[Site "Chess.com"]
[Date "2020.12.29"]
[Round "4"]
[White "Slovak_fighter2000"]
[Black "Dinamo81"]
[Result "1/2-1/2"]
[WhiteElo "2484"]
[BlackElo "2662"]
[TimeControl "180+1"]
[EndTime "10:39:37 PST"]
[Termination "Game drawn by repetition"]

1. d4 d5 2. Nf3 e6 3. Bf4 Bd6 4. Bg3 Nf6 5. e3 O-O 6. Bd3 c5 7. c3 b6 8. Qe2 Bb7 9. Nbd2 Ne4 10. Bxd6 Qxd6 11. O-O Nd7 12. Rfd1 Qc7 13. c4 cxd4 14. Nxd4 Ndc5 15. Bxe4 dxe4 16. N4b3 Na4 17. Nf1 Rac8 18. Rac1 Rfd8 19. Nd4 Qe5 20. b3 Nc5 21. Ng3 Nd3 22.
Rc2 f5 23. Qh5 Rxd4 24. exd4 Qxd4 25. Qg5 Qc5 26. Nh5 Qf8 27. Nf4 Qf7 28. Nxd3 exd3 29. Rxd3 h6 30. Rd8+ Kh7 31. Qd2 Qg6 32. g3 Rxd8 33.
Qxd8 Qg4 34. Qd3 Be4 35. Qe2 Bxc2 36. Qxc2 Qf3 37. b4 Qc6 38. c5 Kg6 39. Qc3 Kf7 40. Qc2 Ke7 41. Qc3 Kf7 42. Qc2 bxc5 43. bxc5 Ke7 44.
Qc3 Kf7 45. Qe5 Qd7 46. Qc3 Qd1+ 47. Kg2 Qd5+ 48. Kg1 Qc6 49. Qe5 Qd7 50. Qc3 Qd1+ 51. Kg2 Qd5+ 52. Kg1 Qc6 1/2-1/2

[Event "*** Titled Tuesday Blitz"]
[Site "Chess.com"]
[Date "2020.12.29"]
[Round "4"]
[White "ural58"]
[Black "Iskusnyh"]
[Result "1-0"]
[WhiteElo "2411"]
[BlackElo "2565"]
[TimeControl "180+1"]
[EndTime "10:39:37 PST"]
[Termination "ural58 won by resignation"]

1. e4 e6 2. Qe2 c5 3. b3 Nc6 4.
Bb2 d6 5. f4 e5 6. Qf2 Nf6 7.
Nc3 Ng4 8. Qg3 exf4 9. Qxf4 Be7 10. Nf3 O-O 11. Nd5 Be6 12. Nxe7+ Qxe7 13. h3 Nge5 14. O-O-O f6 15. Qe3 a6 16. Nh4 Rae8 17.
Be2 Kh8 18. Rhf1 Rd8 19. Kb1 d5 20. exd5 Rxd5 21. Nf5 Bxf5 22. Rxf5 Nd4 23. Rf2 Re8 24. Bf1 Nec6 25. Qxe7 Rxe7 26. Bc4 Rde5 27. c3 Nb5 28.
Bxb5 axb5 29. d4 cxd4 30. cxd4 Rd5 31. Rc2 b4 32. Rc5 Red7 33. Rxd5 Rxd5 34. Kc2 h5 35.
Kd3 Kg8 36. Kc4 Rg5 37. Rd2 Kf7 38. d5 Ne5+ 39. Kxb4 Nd7 40. Kb5 Rf5 41. a4 g5 42.
b4 Rf1 43. a5 g4 44. hxg4 hxg4 45. a6 bxa6+ 46. Kxa6 f5 47. Kb7 f4 48. Kc7 Nf6 49. d6 f3 50. gxf3 gxf3 51. Bxf6 Kxf6 52. d7 Rc1+ 53.
Kb7 1-0

[Event "*** Titled Tuesday Blitz"]
[Site "Chess.com"]
[Date "2020.12.29"]
[Round "4"]
[White "Sjakkerntobi"]
[Black "SanchezKelvin"]
[Result "1-0"]
[WhiteElo "2328"]
[BlackElo "2452"]
[TimeControl "180+1"]
[EndTime "10:39:38 PST"]
[Termination "Sjakkerntobi won on time"]

1. e4 c5 2. Nf3 d6 3. d4 cxd4 4. Qxd4 Nf6 5. Nc3 e5 6. Qd1 Be7 7. Bg5 Nc6 8. Nd2 h6 9. Bxf6 Bxf6 10. Nc4 Be7 11. Be2 Nd4 12. O-O Be6 13. Ne3 Nxe2+ 14. Qxe2 Qc7 15. Ncd5 Bxd5 16. Nxd5 Qd7 17. c3 O-O 18.
Rad1 Rad8 19. Rd3 f5 20. Rfd1 f4 21. f3 Bh4 22. R3d2 Qf7 23. Nb4 Qf6 24. Qc4+ Kh8 25.
Qc7 a5 26. Nd5 Qe6 27. Qxa5 g5 28. Nc7 Qg6 29. Qd5 g4 30. Kh1 Rg8 31. Qe6 Qh5 32. Qf5 Qxf5 33. exf5 g3 34. h3 Be7 35. Ne6 Ra8 36. a3 h5 37. Kg1 Rgc8 38. Kf1 Kh7 39. Ke2 Kh6 40. f6 Bxf6 41. Rxd6 Kg6 42. Rb6 Re8 43. Rdd6 Kf5 44. Rb5 Ra6 45. Nd4+ Kg5 46.
Ne6+ Rxe6 47. Rxe6 Rxe6 48. Rxb7 e4 49. fxe4 Rxe4+ 50. Kf1 1-0

[Event "*** Titled Tuesday Blitz"]
[Site "Chess.com"]
[Date "2020.12.29"]
[Round "4"]
[White "Blitzking642"]
[Black "dopolian"]
[Result "0-1"]
[WhiteElo "2299"]
[BlackElo "2459"]
[TimeControl "180+1"]
[EndTime "10:39:38 PST"]
[Termination "dopolian won on time"]

1. e4 Nc6 2. Nf3 e5 3. Bc4 Bc5 4. O-O Nf6 5. d3 O-O 6. c3 d5 7. exd5 Nxd5 8. Re1 Bg4 9. h3 Bh5 10. Nbd2 Bb6 11. Ne4 f6 12. Ng3 Bf7 13. Bb3 Qd7 14. Bc2 Rfd8 15. Qe2 a5 16. a4 Nce7 17. Bd2 Ng6 18.
Nh5 Qf5 19. g4 Qd7 20. Rad1 Re8 21. Qf1 f5 22. Qg2 fxg4 23. hxg4 Be6 24. Nxe5 Nxe5 25. Rxe5 Bf7 26. Rde1 c6 27. d4 Rxe5 28. Rxe5 Bc7 29. Rg5 Bxh5 30. gxh5 Re8 31. h6 g6 32. Bf5 Qf7 33. Qg4 Kh8 34. Bd3 Bf4 35. Bxf4 Nxf4 36.
Bf1 Nd5 37. Re5 Rf8 38. Qg3 Nf4 39. Re4 Nd5 40. Qe5+ Kg8 41. Qg3 Qf5 42. Re5 Qb1 43. Re2 Qc1 44. Qe5 Qxh6 45. Qe6+ Kh8 46. Qe5+ Qg7 47.
Qxg7+ Kxg7 48. Re4 Rf7 49. c4 Re7 50. Rg4 Nf6 51. Rf4 Re4 0-1

[Event "*** Titled Tuesday Blitz"]
[Site "Chess.com"]
[Date "2020.12.29"]
[Round "4"]
[White "Bigfish1995"]
[Black "Gabrielian_Artur"]
[Result "1-0"]
[WhiteElo "3011"]
[BlackElo "2790"]
[TimeControl "180+1"]
[EndTime "10:39:39 PST"]
[Termination "Bigfish1995 won on time"]

1. e4 c5 2. Nf3 d6 3. d4 cxd4 4. Nxd4 Nf6 5. Nc3 Nc6 6. Bg5 e6 7. Qd2 a6 8. O-O-O Bd7 9. f4 Be7 10. Nxc6 Bxc6 11. Qe1 Qa5 12. Kb1 h6 13. Bxf6 Bxf6 14.
Nd5 Qxe1 15. Nxf6+ gxf6 16. Rxe1 Ke7 17. Re3 h5 18.
Be2 h4 19. Rd1 Rhg8 20. Bf3 e5 21. f5 Rad8 22. c4 Rc8 23. b3 b5 24. Rc1 Rgd8 25.
Rec3 b4 26. Rd3 Bb7 27. a3 a5 28. Kb2 bxa3+ 29. Kxa3 Bc6 30. c5 Bb5 31. Rxd6 Rxd6 32. cxd6+ Kd7 33. Rxc8 Kxc8 34. b4 axb4+ 35. Kxb4 Bf1 36.
Kc5 Kd7 37. Kd5 Ba6 38. g3 hxg3 39. hxg3 Bb7+ 40. Kc5 Ba6 41. Bd1 Bd3 42. Ba4+ Kd8 43. Bc6 Bc2 44. Bd5 Kd7 45. Bc6+ Kd8 46. Kc4 Bb1 47.
Kc3 Ba2 48. Bb5 1-0

[Event "*** Titled Tuesday Blitz"]
[Site "Chess.com"]
[Date "2020.12.29"]
[Round "4"]
[White "mbojan"]
[Black "2nd_life"]
[Result "1-0"]
[WhiteElo "2681"]
[BlackElo "2480"]
[TimeControl "180+1"]
[EndTime "10:39:39 PST"]
[Termination "mbojan won on time"]

1. Nf3 Nf6 2. g3 d5 3. Bg2 c6 4.
O-O Bg4 5. Ne5 Bf5 6. d3 Nbd7 7. Nxd7 Qxd7 8. Nd2 Bh3 9. Nf3 h5 10. Bg5 Nh7 11.
Bf4 f6 12. e4 h4 13. gxh4 g5 14. hxg5 Nxg5 15. Nxg5 Bxg2 16. Kxg2 fxg5 17. Bg3 Bg7 18.
Qf3 O-O-O 19. Qf5 Qxf5 20. exf5 Bxb2 21. Rae1 Bf6 22. Kf3 g4+ 23. Kxg4 Rdg8+ 24. Kf3 Rh5 25. Kg2 Rxf5 26. c4 dxc4 27. dxc4 Ra5 28. Re2 Ra4 29. Rc1 Rg4 30. Rec2 Bg5 31. h3 Re4 32. Kf3 Rd4 33.
Re1 Raxc4 34. Rxc4 Rxc4 35. Re5 Bf6 36. Re2 Rc3+ 37.
Ke4 b5 38. Kf5 a5 39. h4 Rf3+ 40. Kg4 Rd3 41. h5 Rd8 42. h6 Rh8 43. Kh5 Bg7 44. Bf4 Kd7 45. Kg6 Bf6 46. h7 b4 47. Be5 Bxe5 48. Rxe5 a4 49. Kg7 1-0

[Event "*** Titled Tuesday Blitz"]
[Site "Chess.com"]
[Date "2020.12.29"]
[Round "4"]
[White "Jenia84"]
[Black "yobdc"]
[Result "1-0"]
[WhiteElo "2333"]
[BlackElo "2453"]
[TimeControl "180+1"]
[EndTime "10:39:39 PST"]
[Termination "Jenia84 won on time"]

1. Nf3 e6 2. b3 f5 3. Bb2 Nf6 4. d3 b6 5. Nbd2 Bb7 6. e4 fxe4 7. dxe4 Nxe4 8. Nxe4 Bxe4 9. Bd3 Bxd3 10. Qxd3 Bb4+ 11. c3 Be7 12. O-O-O Nc6 13. Kb1 Bd6 14. h4 Qe7 15. Ng5 Ne5 16. Qe4 Rb8 17. Nxh7 Qf7 18. Ng5 Qf5 19. Qxf5 exf5 20. c4 O-O 21. Rhe1 Nf7 22.
Nxf7 Rxf7 23. Be5 Bxe5 24. Rxe5 d6 25. Re6 Rbf8 26. Rde1 Rf6 27. Re7 R8f7 28. Kc2 Kh7 29. g3 Kg6 30. Kd3 f4 31. g4 f3 32.
R1e3 Rf4 33. Rxf7 Kxf7 34. Re4 Rf6 35. Ke3 Kg6 36. Rf4 Re6+ 37. Kxf3 Re1 38. h5+ Kh6 39.
Rf7 Ra1 40. Rxc7 Rxa2 41. Rd7 Rd2 42. Kf4 Rxf2+ 43. Kg3 Rd2 44. Kf4 Rf2+ 45. Ke3 Rf6 46. Rxa7 g6 47. hxg6 Kxg6 48. Rb7 Re6+ 49. Kf4 Re1 50. Rxb6 Rd1 51. c5 1-0

[Event "*** Titled Tuesday Blitz"]
[Site "Chess.com"]
[Date "2020.12.29"]
[Round "4"]
[White "BobbySteen89"]
[Black "Fh2411"]
[Result "0-1"]
[WhiteElo "2119"]
[BlackElo "2573"]
[TimeControl "180+1"]
[EndTime "10:39:40 PST"]
[Termination "Fh2411 won by checkmate"]

1. e4 c5 2. Nf3 e6 3. c3 d5 4. exd5 Qxd5 5. Na3 Nf6 6. Bc4 Qd8 7. d4 Nc6 8. O-O cxd4 9. cxd4 Be7 10. Bf4 O-O 11. Nb5 a6 12. Nc7 Ra7 13. d5 exd5 14. Nxd5 b5 15. Nxe7+ Rxe7 16. Bb3 Be6 17. Rc1 Rd7 18.
Qc2 Nb4 19. Qc3 Nbd5 20. Bxd5 Nxd5 21. Qe5 Nxf4 22. Qxf4 Bxa2 23. Ra1 Bc4 24. Rfe1 Rd6 25. Ne5 Be6 26. Rec1 Qb6 27. h4 h6 28. h5 Rfd8 29.
Nf3 a5 30. Qe5 a4 31. Rc5 Rd5 32. Rxd5 Rxd5 33. Qc3 Rxh5 34. Nd4 Rc5 35. Qe3 Bc4 36.
b4 Rc8 37. Qe5 Rd8 38. Nf5 Qf6 39. Qxf6 gxf6 40. Nxh6+ Kh7 41. Ng4 Kg6 42. Ne3 Rd4 43. Rc1 a3 44. g4 a2 45. Nf5 Rxg4+ 46. Kh1 Kxf5 47. Ra1 Rg8 48. f3 Kf4 49. Kh2 Kxf3 50. Rf1+ Ke3 51. Ra1 Kd3 52. Rd1+ Kc3 53. Rf1 Kb2 54.
Ra1 Kxa1 55. Kh3 Kb2 56. Kh4 a1=Q 57. Kh5 Qh1# 0-1

[Event "*** Titled Tuesday Blitz"]
[Site "Chess.com"]
[Date "2020.12.29"]
[Round "4"]
[White "Region_07"]
[Black "NodariousBIG"]
[Result "0-1"]
[WhiteElo "2474"]
[BlackElo "2659"]
[TimeControl "180+1"]
[EndTime "10:39:41 PST"]
[Termination "NodariousBIG won on time"]

1. d4 e6 2. Nf3 b6 3. e4 Bb7 4. Bd3 Nf6 5. Qe2 d5 6. e5 Ng8 7. O-O c5 8. c3 Ne7 9. b4 cxd4 10. cxd4 Nbc6 11. a3 Nf5 12. Be3 h5 13. Nbd2 Be7 14. Rac1 Rc8 15. Bb5 Kf8 16. Bd3 g5 17.
Nb3 a5 18. b5 Nb8 19. a4 Rc4 20.
Bxf5 exf5 21. e6 f6 22. Qd3 f4 23. Bd2 Kg7 24. Bxf4 gxf4 25. Nh4 Qe8 26. Nf5+ Kf8 27. Qf3 Rh7 28. Qxf4 Qc8 29. Rce1 Rc3 30. Nd2 Qc7 31. Qh4 Bc8 32. Re3 Rxe3 33. fxe3 Bxe6 34. e4 Bxf5 35. Rxf5 dxe4 36. Nxe4 Qc1+ 37. Kf2 Qc2+ 38. Kg1 Nd7 39. Qf4 Rg7 40. Ng5 Qd1+ 41. Kf2 Ke8 42. Nf3 Qc2+ 43.
Nd2 Bb4 44. Qe3+ Kd8 45. Qe6 Qxd2+ 46. Kf3 Qd3+ 47. Kf4 Qxd4+ 48. Kf3 Qg4+ 49. Kf2 Qxg2+ 50. Ke3 Re7 0-1

[Event "*** Titled Tuesday Blitz"]
[Site "Chess.com"]
[Date "2020.12.29"]
[Round "4"]
[White "BabyBoss31"]
[Black "ajdemipopushi"]
[Result "0-1"]
[WhiteElo "2201"]
[BlackElo "2342"]
[TimeControl "180+1"]
[EndTime "10:39:41 PST"]
[Termination "ajdemipopushi won by checkmate"]

1. e4 c5 2. Nf3 g6 3. d4 cxd4 4. Nxd4 Bg7 5. Nc3 Nc6 6. Be3 Nf6 7. Bc4 O-O 8. Bb3 Ng4 9. Qxg4 Nxd4 10. Qd1 Nxb3 11.
axb3 d6 12. O-O a6 13. Bd4 Be6 14. Bxg7 Kxg7 15. Qd4+ f6 16. Nd5 Rc8 17. c4 Bf7 18. f4 e6 19. Nc3 e5 20. Qd3 Qb6+ 21. Kh1 Qxb3 22. Qxd6 Qxb2 23. Nd5 Bxd5 24. cxd5 Rf7 25.
Rab1 Qd4 26. fxe5 Qxe5 27. Qxe5 fxe5 28. Rxf7+ Kxf7 29. Rxb7+ Kf6 30. h3 Rc1+ 31. Kh2 Re1 32. Rxh7 Rxe4 33. Ra7 Ra4 34. Kg3 Kf5 35. d6 Ra3+ 36. Kf2 a5 37. d7 Rd3 38. Rxa5 Rxd7 39. Ke3 Rb7 40. g4+ Kf6 41. Ke4 Rb4+ 42. Kf3 Rb3+ 43.
Kg2 e4 44. Ra4 Ke5 45. Ra6 Rb2+ 46. Kf1 g5 47. Ra5+ Kf4 48. Rf5+ Ke3 49. Rxg5 Rb1+ 50. Kg2 Ke2 51. Re5 e3 52. g5 Rb6 53. h4 Rb4 54.
Kg3 Rb1 55. h5 Rg1+ 56. Kh4 Kf3 57. h6 Rh1# 0-1

[Event "*** Titled Tuesday Blitz"]
[Site "Chess.com"]
[Date "2020.12.29"]
[Round "4"]
[White "PawnEatingZombie"]
[Black "Kislov_Oleg"]
[Result "0-1"]
[WhiteElo "2238"]
[BlackElo "2430"]
[TimeControl "180+1"]
[EndTime "10:39:43 PST"]
[Termination "Kislov_Oleg won on time"]

1. d4 Nf6 2. c4 e6 3. Nc3 Bb4 4. Qc2 d5 5. cxd5 exd5 6. Bf4 O-O 7. e3 Ne4 8. Bd3 Re8 9. Ne2 c5 10. dxc5 Qa5 11. O-O Bxc3 12. Nxc3 Qxc5 13. Nxe4 Qxc2 14.
Nf6+ gxf6 15. Bxc2 Nc6 16. Rfd1 Be6 17. Bb3 Rad8 18. Rac1 d4 19. Bxe6 fxe6 20. exd4 Nxd4 21. Kf1 e5 22. Be3 Nc6 23. a3 Kf7 24. b4 a6 25. Bb6 Rxd1+ 26. Rxd1 Ke6 27. Ke2 f5 28. g3 h5 29. h4 Re7 30. Ke3 Rd7 31. Rxd7 Kxd7 32.
f3 Ke6 33. Bc5 Kd5 34. g4 fxg4 35. fxg4 hxg4 36. h5 Ke6 37. Ke4 b5 38. Be3 Nd4 39. h6 Kf6 40. h7 Kg7 41. Kxe5 Nc2 42. Bc1 g3 43. Bf4 g2 44. Bh2 Nxa3 45. Kd5 Kxh7 46. Kc5 Kg6 47. Kb6 Kf5 48. Kxa6 Ke4 49. Kb6 Kd5 50. Bg1 Kc4 51. Ka5 Nc2 52. Bf2 Nxb4 53.
Bg1 Nd3 0-1

[Event "*** Titled Tuesday Blitz"]
[Site "Chess.com"]
[Date "2020.12.29"]
[Round "4"]
[White "louis198"]
[Black "Evgeny81"]
[Result "1-0"]
[WhiteElo "2587"]
[BlackElo "2716"]
[TimeControl "180+1"]
[EndTime "10:39:45 PST"]
[Termination "louis198 won by resignation"]

1. d4 Nf6 2. c4 e5 3. dxe5 Ne4 4. e3 Nc6 5. Nf3 d6 6. Bd3 Nc5 7. Bc2 Nxe5 8. Nxe5 dxe5 9. O-O Qxd1 10. Rxd1 Be6 11. b3 Bd6 12. Bb2 O-O-O 13. Nc3 f6 14. Nb5 Kb8 15.
a3 Be7 16. Nc3 c6 17. b4 Na6 18. c5 Nc7 19. e4 Bc4 20. f3 Ne6 21. Rxd8+ Rxd8 22. Rd1 Nd4 23. Bb1 Bb3 24. Rc1 f5 25.
exf5 Bg5 26. Re1 Bd2 27. Rxe5 Bxc3 28. Bxc3 Nb5 29. Bb2 Rd1+ 30. Kf2 Rxb1 31. Re8+ Kc7 32. Be5+ Kd7 33. Rb8 Nxa3 34. Rxb7+ Ke8 35. Rxg7 Nc4 36. Bd6 Nxd6 37. cxd6 Rd1 38. Re7+ Kf8 39. Rxh7 Rxd6 40. Rxa7 Rd4 41. g4 Bd5 42. Rb7 Rf4 43. Kg3 Rxf3+ 44. Kh4 Rf2 45. Kg5 Rxh2 46. Kg6 Rg2 47. g5 Be4 48.
Kf6 Ke8 49. Re7+ Kd8 50. Rxe4 Rf2 51. g6 1-0

[Event "*** Titled Tuesday Blitz"]
[Site "Chess.com"]
[Date "2020.12.29"]
[Round "4"]
[White "juancruzarias"]
[Black "bocah_sakit"]
[Result "0-1"]
[WhiteElo "2535"]
[BlackElo "2824"]
[TimeControl "180+1"]
[EndTime "10:39:46 PST"]
[Termination "bocah_sakit won by resignation"]

1. e4 c5 2. Nc3 Nc6 3. g3 g6 4. Bg2 Bg7 5. d3 e6 6. Be3 Nd4 7. Qd2 Ne7 8. Nd1 e5 9. c3 Ne6 10. Ne2 h5 11. h3 d5 12. d4 cxd4 13. cxd4 exd4 14. Nxd4 dxe4 15. Nxe6 Qxd2+ 16. Bxd2 Bxe6 17. Bxe4 Bd5 18. Bxd5 Nxd5 19. O-O O-O 20. Ne3 Nb6 21. Rab1 Rac8 22. b3 Rfd8 23. Rfd1 Bd4 24. Kf1 Rd7 25. Ke2 Rcd8 26. a4 h4 27. g4 Bxe3 28. Bxe3 Nd5 29. Kf3 a6 30. Rd4 Nc3 31. Rxd7 Rxd7 32. Rc1 Rd3 33. Kg2 Nd5 34. Bg5 f6 35. Be3 Rxb3 36.
Rd1 Nxe3+ 37. fxe3 Kf7 38. g5 fxg5 39. Kf3 Ke6 40. a5 Rb5 41. Ra1 Kf5 42. Ra4 Rb1 43.
Rc4 Rf1+ 44. Kg2 Ra1 45. Rc5+ Ke4 46. Rxg5 Kxe3 47. Rc5 Ra2+ 48. Kh1 Kd4 49. Rc7 Rxa5 50. Rxb7 g5 51. Kg2 Rb5 52. Ra7 a5 53. Kf3 Kc3 54. Kg4 Kb3 55. Rf7 a4 56. Rf3+ Kb4 57. Rf1 a3 58. Rb1+ Ka4 59. Ra1 Ra5 60. Kh5 Kb3 61.
Rb1+ Kc2 62. Ra1 a2 63. Rxa2+ Rxa2 64. Kxg5 Ra4 0-1

[Event "*** Titled Tuesday Blitz"]
[Site "Chess.com"]
[Date "2020.12.29"]
[Round "4"]
[White "HackingKid98"]
[Black "DryCounty"]
[Result "0-1"]
[WhiteElo "2431"]
[BlackElo "2626"]
[TimeControl "180+1"]
[EndTime "10:39:46 PST"]
[Termination "DryCounty won by checkmate"]

1. d4 Nf6 2. c4 g6 3. g3 Bg7 4. Bg2 O-O 5. Nf3 d6 6. Nc3 Nc6 7. O-O e5 8. dxe5 dxe5 9. Bg5 h6 10. Qxd8 Rxd8 11. Bxf6 Bxf6 12. Nd5 Kg7 13. Nxc7 Rb8 14.
Nd5 e4 15. Nd2 Bxb2 16. Rab1 Ba3 17. Nxe4 Be6 18. Rfd1 Ne5 19. Nd2 b5 20. Rxb5 Rxb5 21. cxb5 Bxd5 22. Nf1 Bxg2 23. Rxd8 Bh3 24. Ra8 Bc5 25.
a4 Be6 26. Ne3 Bb6 27. a5 Bxa5 28. Rxa7 Bb6 29. Ra6 Nd7 30. Ra1 Kf8 31. Rd1 Bxe3 32. fxe3 Ke7 33. Kf2 Nb6 34. e4 Kf6 35. Ke3 Ke5 36. Rc1 Bc4 37. h4 h5 38. Ra1 Kd6 39. Kd4 Bxb5 40. Rb1 Kc6 41. Ke5 Bxe2 42. Kf6 Bc4 43.
e5 Be6 44. Rd1 Nd5+ 45. Kg7 Ne3 46. Rd6+ Kc5 47. Rxe6 fxe6 48. Kxg6 Kd5 49. Kg5 Kxe5 50. Kxh5 Kf5 51. g4+ Kf6 52. g5+ Kg7 53. g6 Kf6 54. Kh6 Nf5+ 55. Kh7 Ng7 56. Kh6 e5 57. h5 e4 58. Kh7 Nxh5 59. Kh6 Ng7 60. Kh7 e3 61. Kg8 e2 62. Kf8 e1=Q 63. Kg8 Qe8+ 64. Kh7 Qxg6+ 65. Kg8 Ne6+ 66. Kh8 Qg7# 0-1

[Event "*** Titled Tuesday Blitz"]
[Site "Chess.com"]
[Date "2020.12.29"]
[Round "4"]
[White "Margency"]
[Black "Khusenkhojaev"]
[Result "0-1"]
[WhiteElo "2606"]
[BlackElo "2469"]
[TimeControl "180+1"]
[EndTime "10:39:46 PST"]
[Termination "Khusenkhojaev won by resignation"]

1. e4 e5 2. f4 exf4 3. Nf3 d6 4.
Bc4 h6 5. O-O g5 6. d4 Bg7 7. c3 Ne7 8. g3 Bh3 9. gxf4 Bxf1 10.
Qxf1 gxf4 11. Bxf4 Qd7 12. Bg3 Nbc6 13. Bxf7+ Kd8 14.
Nbd2 Rf8 15. Qc4 Na5 16. Qe6 Nf5 17. Qxd7+ Kxd7 18. Bh5 Nxg3 19. hxg3 c5 20. Bg4+ Kc7 21. d5 b5 22. Nh4 Nc4 23. Nxc4 bxc4 24. Nf5 Be5 25. Rc1 Rg8 26. Be2 Bxg3 27. Kf1 Bh2 28. Rc2 Rg1+ 29. Kf2 Rag8 30. Bf3 Bf4 31. Re2 Rb1 32. Bh5 Rgg1 33. Kf3 Rbf1+ 34. Rf2 Rxf2+ 35.
Kxf2 Rb1 36. Be2 Rxb2 37. Kf3 Be5 38. Bxc4 Bxc3 39. Nxh6 Be5 40. Nf5 Rc2 41. Bd3 Rxa2 42. Ne3 Ra3 43. Ke2 Ra2+ 44. Kd1 a5 45. Nc4 a4 46. Kc1 a3 47. Bc2 Ra1+ 48. Kd2 a2 49.
Nxe5 0-1

[Event "*** Titled Tuesday Blitz"]
[Site "Chess.com"]
[Date "2020.12.29"]
[Round "4"]
[White "GM4life"]
[Black "Mambastik-Fantastic"]
[Result "1-0"]
[WhiteElo "2425"]
[BlackElo "2215"]
[TimeControl "180+1"]
[EndTime "10:39:46 PST"]
[Termination "GM4life won by resignation"]

1. e4 c5 2. Nf3 d6 3. d4 cxd4 4.
Nxd4 Nf6 5. Nc3 a6 6. h3 e5 7.
Nb3 Nbd7 8. g4 h6 9. Be3 Qc7 10. Qf3 b5 11. O-O-O Bb7 12. h4 Rc8 13. a3 Bxe4 14. Qh3 Bxh1 15. Qxh1 Nxg4 16. Bd3 Nxe3 17. fxe3 Nf6 18. Rf1 Be7 19. Bf5 Rd8 20. Qg2 g6 21. Bxg6 fxg6 22. Qxg6+ Kd7 23. Rxf6 Bxf6 24. Qxf6 Qc4 25. Qg7+ Kc8 26. Na5 Qc7 27. Qg4+ Kb8 28. Qb4 Qc5 29. Qe4 Rd7 30. Nc6+ Kc7 31. Nb4 d5 32. Qxe5+ Kb7 33. Qxh8 Qxe3+ 34. Kb1 d4 35. Ncd5 Qe1+ 36. Ka2 Qe6 37. Qxd4 a5 38. Qf6 Qxf6 39. Nxf6 Rd4 40. Nbd5 Rxh4 41. Ng8 Rh2 42. Nc3 b4 43. axb4 axb4 44. Nd5 h5 45. Ngf6 h4 46. Kb3 h3 47.
Nf4 Rf2 48. Nxh3 Rxf6 49. Kxb4 Kb6 50. c4 Rf1 51. Ng5 Rf5 52. Ne6 Rh5 53. Nd4 Rh4 54. Nf3 Rh3 55. Ne5 Rh2 56. b3 Rh5 57. c5+ Kc7 58.
Nc4 Rh4 59. Kb5 Kb7 60. b4 Kc7 61. Ne3 Rh5 62. Ng4 Rg5 63. Nf6 Rf5 64. Ne4 Re5 65. Nd6 Rh5 66. Ka5 Rg5 67. Nb5+ Kb7 68. Nd4 Kc7 69.
Ne6+ 1-0